 Dungeon Crawl Stone Soup version 0.24.0-37-gcf1ca852f1 (webtiles) character file.

Game seed: 9561341687245158405, levelgen mode: deterministic

73277 DildoBatman the Thaumaturge (level 15, -31/107 (110) HPs)
             Began as a Formicid Wizard on Nov 26, 2019.
             Was an Initiate of Gozag.
             Killed from afar by an orc (45 damage)
             ... with an exploding inner flame
             ... hexed by the player character
             ... on level 13 of the Dungeon.
             The game lasted 01:51:18 (25849 turns).

DildoBatman the Thaumaturge (Formicid Wizard)      Turns: 25849, Time: 01:51:18

HP:   -31/107 (110) AC:  8    Str: 12    XL:     15   Next: 89%
MP:   37/42         EV: 16    Int: 26    God:    Gozag
Gold: 3735          SH: 12    Dex:  9    Spells: 12/42 levels left

rFire    . . .     SeeInvis +   a - +4 glaive (freeze)
rCold    + . .     Gourm    .   G - +2 shield {rC+}
rNeg     . . .     Faith    .   M - +3 leather armour
rPois    .         Spirit   .   (helmet unavailable)
rElec    .         Reflect  .   I - scarf {repulsion}
rCorr    .         Harm     .   f - +0 pair of gloves
MR       +....                  (no boots)
Stlth    ++........             m - amulet of magic regeneration
HPRegen  0.27/turn              w - ring of magical power
MPRegen  0.53/turn              (no ring)

@: gold aura, repel missiles
A: permanent stasis, dig shafts and tunnels, four strong arms, antennae 3,
repulsion field 1, clever 1, mutation resistance 1, screaming 1
a: Dig, Shaft Self, Potion Petition, Call Merchant, Bribe Branch, Renounce
Religion


You were on level 13 of the Dungeon.
You worshipped Gozag.
Gozag was most pleased with you.
You were full.

You visited 4 branches of the dungeon, and saw 22 of its levels.
You visited 1 bazaar.
You also visited: Ossuary, Ice Cave and Volcano.

You collected 5379 gold pieces.
You spent 1136 gold pieces at shops.
You paid 508 gold pieces to Gozag.

Inventory:

Hand Weapons
 a - a +4 glaive of freezing (weapon)
 e - the +0 spear of the Orcish Mines {venom, rElec Int+5 Dex+3}
   (You took it off an orc warrior on level 7 of the Dungeon)

   It poisons the flesh of those it strikes.
   It affects your intelligence (+5).
   It affects your dexterity (+3).
   It insulates you from electricity.
Missiles
 y - 62 arrows
Armour
 f - a +0 pair of gloves (worn)
 G - a +2 shield of cold resistance (worn)
 I - a scarf of repulsion (worn)
 M - a +3 leather armour (worn)
Magical Staves
 b - an uncursed staff of poison
 F - an uncursed staff of fire
Jewellery
 m - an amulet of magic regeneration (around neck)
 w - a ring of magical power (left hand)
 D - an uncursed ring of ice
 J - an uncursed ring of ice
Wands
 O - a wand of scattershot (5)
 R - a wand of iceblast (18)
 T - a wand of acid (23)
Scrolls
 c - a scroll of immolation
 h - a scroll of enchant weapon {unknown}
 j - a scroll of amnesia
 k - 2 scrolls of enchant armour
 s - a scroll of acquirement
 x - 8 scrolls of remove curse
 z - a scroll of identify
 C - 3 scrolls of magic mapping
 K - a scroll of fog
 S - a scroll of summoning
Potions
 d - 3 potions of mutation
 l - 2 potions of flight
 n - 2 potions of cancellation {unknown}
 o - 4 potions of resistance
 p - 2 potions of heal wounds
 q - a potion of curing
 r - a potion of berserk rage {unknown}
 t - 7 potions of might
 A - 2 potions of brilliance {unknown}
 H - 2 potions of magic {unknown}
 P - 3 potions of ambrosia
Miscellaneous
 g - a fan of gales
Comestibles
 v - 27 rations


   Skills:
 - Level 7.9 Fighting
 - Level 7.9 Armour
 - Level 6.9 Dodging
 - Level 2.4 Stealth
 - Level 9.0 Shields
 - Level 14.1 Spellcasting
 - Level 6.2 Conjurations
 - Level 4.0 Charms
   Level 1.0 Summonings
 - Level 10.4 Necromancy
   Level 0.8 Translocations
 - Level 5.3 Fire Magic
 - Level 5.0 Air Magic
 * Level 11.3 Earth Magic


You had 12 spell levels left.
You knew the following spells:

 Your Spells              Type           Power        Failure   Level  Hunger
a - Conjure Flame         Conj/Fire      #####...     1%          3    None
b - Borgnjor's Vile Clut  Necr/Erth      ######....   1%          5    ##.....
c - Bolt of Draining      Conj/Necr      ######....   3%          5    ##.....
d - Regeneration          Chrm/Necr      ######....   1%          3    None
e - Mephitic Cloud        Conj/Pois/Air  #####...     2%          3    None
f - Vampiric Draining     Necr           ######....   1%          3    None
g - Magic Dart            Conj           ####         1%          1    None
h - Dispel Undead         Necr           ######..     1%          5    ##.....
z - Sublimation of Blood  Necr           ######....   1%          2    None

Your spell library contained the following spells:

 Spells                   Type           Power        Failure   Level  Hunger
 Animate Skeleton         Necr           N/A          1%          1    None
 Pain                     Necr           ####         1%          1    None
 Sandblast                Erth           ######       1%          1    None
 Shock                    Conj/Air       ####         1%          1    None
 Passwall                 Tmut/Erth      #####...     1%          2    None
 Swiftness                Chrm/Air       #####...     1%          2    None
 Static Discharge         Conj/Air       #####...     1%          3    None
 Stone Arrow              Conj/Erth      ######       1%          3    None
 Animate Dead             Necr           N/A          1%          4    None
 Lee's Rapid Deconstruct  Erth           ######....   1%          5    ##.....
 Corona                   Hex            ###....      3%          1    None
 Call Imp                 Summ           ###.....     3%          2    None
 Dazzling Spray           Conj/Hex       ####..       3%          3    None
 Petrify                  Tmut/Erth      #####...     3%          4    None
 Airstrike                Air            #####.....   4%          4    None
 Ensorcelled Hibernation  Hex/Ice        ###...       5%          2    None
 Slow                     Hex            ###.....     5%          2    None
 Lightning Bolt           Conj/Air       #####.....   10%         5    ##.....
 Confuse                  Hex            ###.....     11%         3    None
 Tukima's Dance           Hex            ###.....     11%         3    None
 Simulacrum               Ice/Necr       #####.....   54%         6    ####...
 Haunt                    Necr/Summ      #####.....   96%         7    ######.
 Borgnjor's Revivificati  Necr           ######....   98%         8    #######
 Infestation              Necr           ######....   98%         8    #######
 Death's Door             Chrm/Necr      ######....   100%        8    #######
 Ignition                 Fire           #####.....   100%        8    #######
 Necromutation            Tmut/Necr      #####.....   100%        8    #######
 Shatter                  Erth           ######....   100%        9    #######
 Tornado                  Air            #####.....   100%        9    #######
 Blink                    Tloc           Unusable     N/A         2    N/A

Dungeon Overview and Level Annotations

Branches:
Dungeon (13/15)            Temple (1/1) D:5            Lair (6/6) D:11
 Shoals (0/4) Lair:3        Snake (0/4) Lair:4        Slime (0/5) Lair:5
    Orc (2/2) D:12            Elf (0/3) Orc:2       Ossuary (visited)
  IceCv (visited)         Volcano (visited)
 Vaults: D:13-14

Altars:
Ashenzari
Cheibriados
Dithmenos
Elyvilon
Fedhas
Gozag
Hepliaklqana
Kikubaaqudgha
Makhleb
Nemelex Xobeh
Okawaru
Qazlal
Ru
Sif Muna
Trog
Uskayaw
Vehumet
Wu Jian
Xom
Yredelemnul
Zin
The Shining One
Beogh
Jiyva

Shops:
D:4 ?   D:6 %   D:11 !   Orc:2 :?(:


Innate Abilities, Weirdness & Mutations

You cannot be hasted, slowed, berserked, paralysed or teleported.
You can dig through walls and to a lower floor.
Your four strong arms can wield two-handed weapons with a shield.
You have a pair of large antennae on your head. (SInv)
You are surrounded by a mild repulsion field. (EV +2)
Your mind is acute. (Int +2)
You are somewhat resistant to further mutation.
You occasionally shout uncontrollably at your foes.


Message History

Zombie hands grab the wyvern skeleton.
The zombie hands constrict the deep elf mage!
The zombie hands constrict the orc.
The orc explodes!
The fiery explosion engulfs the centaur!!!
The centaur explodes!
The fiery explosion engulfs your black bear!!!
You kill your black bear!
Your black bear's corpse dissolves into shadows!
The fiery explosion engulfs the centaur!!
The centaur explodes!
The fiery explosion engulfs you!!
The fiery explosion engulfs the centaur warrior!!
The centaur warrior is moderately wounded.
The fiery explosion engulfs you!!!
The fiery explosion engulfs the deep elf mage!!
The deep elf mage is almost dead.
The fiery explosion engulfs you!!!
You die...
Your body crumbles into a pile of gold.

###..####..####...#####..####..#
#..# #####*##.$#*###### #..#
#..# *$,..,#..#,..,,* #..# #..#
#,$*.*#..##.*$,# #..# #..#
#.*,#.#..#.#,*.# #..# #>.#
*..##e#..#.##.,* #..# #..#
*,*...§§.c...*,* #..# #..#
*######.#§§#c####### #..#
###..###.......§@§§.......###..#
.............(..e§§............#
.........#####Y#zZ#.#####......#
.#########,*.Z......o.*,#####..#
## *,.##{#Y.#.##..* #..# #
#.*,#Z#..#o#o*.# #..# #
#{,*.*#Y.##o*$,# #..# #
*,,Z{,#..#,..,∩* #).#
#**********##**#..#*#########..#


You could see a skeletal warrior (inner flame), a centaur warrior (inner flame),
a deep elf knight (inner flame), a deep elf mage (inner flame), 2 yaks, an orc
warrior (inner flame), a centaur (inner flame), 2 orcs, a wyvern skeleton, a
centaur warrior skeleton (inner flame) and a friendly catoblepas.

Vanquished Creatures
  A storm dragon (D:12)
  A tengu reaver (D:12)
  2 frost giants
  A stone giant (D:12)
  The ghost of FishyPogo the Thaumaturge, a journeyman GnVM of Makhleb (D:11)
  An ettin (Orc:2)
  A fire dragon (Lair:6)
  Fannar (D:11)
  A catoblepas (Lair:6)
  3 hydras
  12 two-headed ogres
  2 ogre magi (Orc:2)
  Urug (D:10)
  Sonja (D:11)
  An unseen horror (D:12)
  2 deep trolls (Orc:2)
  A deep elf mage (D:10)
  A manticore (D:11)
  2 ugly things
  2 orc sorcerers
  3 cyclopes
  2 ice statues (IceCv)
  Psyche (D:11)
  A gargoyle (D:12)
  2 molten gargoyles (Volcano)
  5 torpor snails (Lair:6)
  A smoke demon (Volcano)
  6 spiny frogs
  7 komodo dragons
  A kobold demonologist (D:13)
  2 death yak zombies
  2 rime drakes
  2 ice devils (D:13)
  4 hydra zombies (Lair:3)
  A red devil (Volcano)
  11 hornets
  10 trolls
  20 polar bears
  4 tyrant leeches (Lair:6)
  5 hippogriffs
  17 blink frogs
  3 hydra skeletons
  Sigmund (D:1)
  A spriggan (D:10)
  A wraith (D:10)
  3 black mamba zombies
  5 wyverns
  A tarantella (shapeshifter) (D:12)
  A vampire (D:12)
  40 yaks
  2 black mamba skeletons (Lair:2)
  7 fire bats (Volcano)
  A basilisk (Lair:3)
  2 hungry ghosts (D:12)
  3 wargs
  3 nagas (Lair:4)
  9 water moccasins
  2 spiny frog zombies
  Duvessa (D:6)
  3 hell hounds (Volcano)
  4 porcupines
  4 spiny frog skeletons
  2 ice beasts
  A blink frog zombie (Lair:6)
  5 sky beasts
  13 orc warriors
  An elephant zombie (Lair:2)
  2 necrophages
  2 phantoms
  30 ogres
  18 wolves
  10 centaurs
  12 crocodiles
  2 dream sheep skeletons (Lair:4)
  4 rime drake skeletons
  2 rime drake zombies (IceCv)
  4 big kobolds
  2 hippogriff zombies
  2 elf zombies (Ossuary)
  16 bullfrogs
  A gnoll sergeant (D:5)
  3 komodo dragon skeletons
  2 water moccasin zombies
  A troll zombie (Orc:2)
  A yak zombie (Lair:2)
  Dowan (D:6)
  4 scorpions
  18 killer bees
  6 water moccasin skeletons
  2 yak skeletons (IceCv)
  10 wights
  3 howler monkeys
  2 electric eels (Lair:3)
  A polar bear skeleton (IceCv)
  13 crimson imps
  5 bullfrog zombies
  5 centaur zombies
  A human zombie (Ossuary)
  4 lava snakes (Volcano)
  A quasit (D:6)
  7 hounds
  6 jellies
  A basilisk zombie (Lair:2)
  7 bullfrog skeletons
  11 orc priests
  A centaur skeleton (D:4)
  Terence (D:1)
  A basilisk skeleton (Lair:1)
  3 iguanas
  19 orc wizards
  A porcupine zombie (Lair:2)
  Ijyb (D:3)
  5 worker ants
  4 porcupine skeletons
  2 crocodile zombies
  A crocodile skeleton (Lair:1)
  A hound zombie (D:5)
  A hound skeleton (D:8)
  2 mummies (Ossuary)
  15 gnolls
  16 adders
  A howler monkey skeleton (D:9)
  6 shadow imps
  2 worms
  A dart slug (D:1)
  4 leopard geckos
  78 orcs
  A ball python (D:2)
  16 giant cockroaches
  6 goblins
  5 hobgoblins
  12 jackals
  A quokka (D:3)
  9 bats
  6 frilled lizards
  A goblin zombie (Ossuary)
  15 hobgoblin zombies (Ossuary)
  2 jackal zombies (Ossuary)
  27 kobolds
  7 kobold zombies (Ossuary)
  A leopard gecko zombie (D:5)
  6 orc zombies
  5 rats
  3 rat zombies (Ossuary)
  A fungus (Lair:3)
  4 plants
780 creatures vanquished.

Vanquished Creatures (collateral kills)
  A lindwurm (Lair:6)
  A queen bee (D:11)
  A killer bee (D:11)
3 creatures vanquished.

Vanquished Creatures (others)
  2 dancing weapons (D:6)
  A killer bee (D:7)
  A lava snake (Volcano)
  A jackal (D:5)
  7 fungi
  8 plants
20 creatures vanquished.

Grand Total: 803 creatures vanquished

Notes
Turn   | Place    | Note
-------+----------+-------------------------------------------
     0 | D:1      | DildoBatman the Formicid Wizard began the quest for the
                  | Orb.
     0 | D:1      | Reached XP level 1. HP: 13/13 MP: 4/4
    23 | D:1      | Reached skill level 1 in Conjurations
   240 | D:1      | Reached XP level 2. HP: 18/19 MP: 0/6
   979 | D:1      | Reached XP level 3. HP: 24/24 MP: 3/7
   984 | D:1      | Learned a level 3 spell: Conjure Flame
   988 | D:1      | Learned a level 3 spell: Mephitic Cloud
  1447 | D:2      | Found a bloodstained altar of Trog.
  1714 | D:2      | Found an iron altar of Okawaru.
  1740 | D:2      | Reached XP level 4. HP: 26/30 MP: 1/8
  1799 | D:2      | Noticed Terence
  2047 | D:2      | Found a stormy altar of Qazlal.
  2178 | D:2      | Noticed Sigmund
  2612 | D:3      | Found a blossoming altar of Fedhas.
  2935 | D:3      | Found a glowing golden altar of the Shining One.
  2983 | D:3      | Reached XP level 5. HP: 35/35 MP: 4/9
  3026 | D:3      | Found a shimmering blue altar of Sif Muna.
  3439 | D:4      | Found Efiw's Magic Scroll Shop.
  3446 | D:4      | Bought a scroll of identify for 28 gold pieces
  3446 | D:4      | Bought a scroll of remove curse for 42 gold pieces
  3480 | D:4      | Noticed Ijyb
  3654 | D:4      | Found a sand-covered staircase.
  3670 | D:4      | Reached skill level 5 in Conjurations
  3670 | D:4      | Reached XP level 6. HP: 41/41 MP: 5/10
  3682 | Ossuary  | Entered an ossuary
  3880 | Ossuary  | Reached XP level 7. HP: 20/46 MP: 2/11
  4003 | Ossuary  | Reached skill level 1 in Fire Magic
  4192 | D:4      | Reached skill level 1 in Air Magic
  4635 | D:5      | Entered Level 5 of the Dungeon
  4661 | D:5      | Found a staircase to the Ecumenical Temple.
  4674 | Temple   | Entered the Ecumenical Temple
  4916 | Temple   | Became a worshipper of Kikubaaqudgha
  5206 | Temple   | Reached XP level 8. HP: 46/52 MP: 1/12
  5934 | D:3      | Killed Ijyb
  6000 | D:1      | Killed Terence
  6045 | D:1      | Killed Sigmund
  6045 | D:1      | Reached skill level 5 in Fire Magic
  6045 | D:1      | Reached XP level 9. HP: 57/57 MP: 0/13
  6214 | D:6      | Found a snail-covered altar of Cheibriados.
  6228 | D:6      | Reached * piety under Kikubaaqudgha
  6228 | D:6      | Identified Kikubaaqudgha's Guide on Evil Arts
                  | (Kikubaaqudgha gifted it to you on level 6 of the Dungeon)
  6228 | D:6      | Received a gift from Kikubaaqudgha
  6233 | D:6      | Learned a level 2 spell: Sublimation of Blood
  6237 | D:6      | Learned a level 3 spell: Vampiric Draining
  6279 | D:6      | Reached skill level 1 in Shields
  6292 | D:6      | Found a hide-covered altar of Uskayaw.
  6292 | D:6      | Noticed a +0 dagger
  6293 | D:6      | Noticed a +0 hand axe
  6421 | D:6      | Noticed Duvessa
  6421 | D:6      | Noticed Dowan
  6443 | D:6      | Killed Dowan
  6457 | D:6      | Killed Duvessa
  6457 | D:6      | Reached skill level 5 in Air Magic
  6631 | D:6      | Reached skill level 5 in Shields
  6936 | D:6      | Found Zaurhy's Food Shoppe.
  7295 | D:7      | Reached ** piety under Kikubaaqudgha
  7312 | D:7      | Noticed a hippogriff
  7322 | D:7      | Killed a hippogriff
  7391 | D:7      | Reached XP level 10. HP: 63/63 MP: 4/14
  7422 | D:7      | Found a shimmering altar of Xom.
  7550 | D:7      | Reached skill level 1 in Fighting
  7550 | D:7      | Reached skill level 1 in Armour
  7551 | D:7      | Reached skill level 1 in Necromancy
  7755 | D:7      | Identified the cursed +0 spear of the Orcish Mines {venom,
                  | rElec Int+5 Dex+3}
  7784 | D:7      | Reached skill level 4 in Spellcasting
  8315 | D:8      | Reached *** piety under Kikubaaqudgha
  8315 | D:8      | Identified Kikubaaqudgha's Almanac of Unholy Arts
                  | (Kikubaaqudgha gifted it to you on level 8 of the Dungeon)
  8315 | D:8      | Received a gift from Kikubaaqudgha
  8359 | D:8      | Learned a level 5 spell: Dispel Undead
  8583 | D:8      | Found a shattered altar of Ashenzari.
  8845 | D:8      | Reached skill level 5 in Spellcasting
  9596 | D:9      | Reached skill level 6 in Spellcasting
  9596 | D:9      | Reached XP level 11. HP: 42/73 MP: 20/20
  9606 | D:9      | Reached skill level 5 in Necromancy
  9611 | D:9      | Reached **** piety under Kikubaaqudgha
  9909 | D:9      | Learned a level 5 spell: Bolt of Draining
 10108 | D:10     | Entered Level 10 of the Dungeon
 10157 | D:10     | Noticed a deep elf mage
 10171 | D:10     | Killed a deep elf mage
 10489 | D:10     | Reached skill level 7 in Spellcasting
 10549 | D:10     | Noticed Urug
 10566 | D:10     | Killed Urug
 10746 | D:10     | Noticed a two-headed ogre
 10772 | D:10     | Killed a two-headed ogre
 10772 | D:10     | Reached skill level 8 in Spellcasting
 10816 | D:10     | Reached ***** piety under Kikubaaqudgha
 11007 | D:11     | Noticed Fannar
 11021 | D:11     | Killed Fannar
 11021 | D:11     | Reached XP level 12. HP: 68/80 MP: 24/24
 11034 | D:11     | Reached skill level 9 in Spellcasting
 11092 | D:11     | Learned a level 5 spell: Borgnjor's Vile Clutch
 11266 | D:11     | Found a transporter.
 11269 | D:11     | Found a transporter.
 11448 | D:11     | Found a staircase to the Lair.
 11603 | D:11     | Found Dubby's Distillery.
 11603 | D:11     | Noticed Sonja
 11621 | D:11     | Killed Sonja
 11621 | D:11     | Reached skill level 5 in Earth Magic
 11637 | D:11     | Bought 2 potions of mutation for 176 gold pieces
 11637 | D:11     | Gained mutation: Your magical capacity is low. (-10% MP)
                  | [potion of mutation]
 11637 | D:11     | Lost mutation: Your magical capacity is low. (-10% MP)
                  | [potion of mutation]
 11637 | D:11     | Gained mutation: You are agile. (Dex +2) [potion of
                  | mutation]
 11638 | D:11     | Lost mutation: You are agile. (Dex +2) [potion of mutation]
 11638 | D:11     | Gained mutation: You are surrounded by a mild repulsion
                  | field. (EV +2) [potion of mutation]
 11638 | D:11     | Gained mutation: You occasionally shout uncontrollably at
                  | your foes. [potion of mutation]
 11638 | D:11     | Gained mutation: You are surrounded by a moderate repulsion
                  | field. (EV +3) [potion of mutation]
 11780 | D:11     | Noticed Psyche
 11784 | D:11     | Noticed FishyPogo's ghost (journeyman GnVM)
 11785 | D:11     | Killed Psyche
 11893 | D:11     | Lost mutation: You occasionally shout uncontrollably at
                  | your foes. [potion of mutation]
 11893 | D:11     | Lost mutation: You are surrounded by a moderate repulsion
                  | field. (EV +3) [potion of mutation]
 11893 | D:11     | Gained mutation: You occasionally shout uncontrollably at
                  | your foes. [potion of mutation]
 11893 | D:11     | Gained mutation: Your mind is acute. (Int +2) [potion of
                  | mutation]
 11893 | D:11     | Gained mutation: You are somewhat resistant to further
                  | mutation. [potion of mutation]
 11958 | D:11     | Killed FishyPogo's ghost
 12077 | D:12     | Found a flickering gateway to a bazaar.
 12105 | D:12     | Noticed an unseen horror
 12112 | D:12     | Killed an unseen horror
 12116 | Bazaar   | Entered a bazaar
 12116 | Bazaar   | Found Peubei's General Store.
 12116 | Bazaar   | Found Egiockil's General Store.
 12136 | Bazaar   | Found Felac's General Store.
 12136 | Bazaar   | Found Ukahyness's General Store.
 12158 | Bazaar   | Found Utziy's General Store.
 12158 | Bazaar   | Found Qaewkut's General Store.
 12180 | Bazaar   | Found Mutec's General Store.
 12180 | Bazaar   | Found Yfouheeq's General Store.
 12275 | D:12     | Noticed a two-headed ogre
 12286 | D:12     | Killed a two-headed ogre
 12421 | D:12     | Found a staircase to the Orcish Mines.
 12633 | D:12     | Noticed a two-headed ogre
 12654 | D:12     | Killed a two-headed ogre
 12722 | D:12     | Reached skill level 10 in Earth Magic
 13020 | D:12     | Reached XP level 13. HP: 59/85 MP: 7/26
 13031 | D:12     | Noticed a storm dragon
 13045 | D:12     | Noticed a tengu reaver
 13062 | D:12     | Killed a tengu reaver
 13062 | D:12     | Reached skill level 10 in Necromancy
 13062 | D:12     | Noticed a stone giant
 13255 | Orc:1    | Entered Level 1 of the Orcish Mines
 13471 | Orc:1    | Found a dark tunnel.
 13581 | Volcano  | Entered a volcano
 13758 | Volcano  | Found a radiant altar of Vehumet.
 14244 | Orc:1    | Reached skill level 5 in Fighting
 14244 | Orc:1    | Reached skill level 5 in Armour
 14264 | Orc:1    | Found a roughly hewn altar of Beogh.
 14393 | Orc:2    | Entered Level 2 of the Orcish Mines
 14402 | Orc:2    | Reached ****** piety under Kikubaaqudgha
 14416 | Orc:1    | Received a gift from Kikubaaqudgha
 14421 | Orc:1    | Fell from the grace of Kikubaaqudgha
 14632 | Temple   | Became a worshipper of Gozag Ym Sagoz the Greedy
 14693 | D:6      | Reached skill level 5 in Dodging
 15088 | Orc:2    | Found a staircase to the Elven Halls.
 15611 | Orc:2    | Noticed an ettin
 15637 | Orc:2    | Killed an ettin
 15759 | Orc:2    | Reached XP level 14. HP: 101/101 MP: 13/27
 15853 | Orc:2    | Found Tiuf's Antique Weapon Shoppe.
 15890 | Orc:2    | Found Curgh's Book Shoppe.
 15894 | Orc:2    | Found Dethromubb's Book Shop.
 15903 | Orc:2    | Found Irecsol's Magic Scroll Emporium.
 15912 | Orc:2    | Bought a scroll of identify for 32 gold pieces
 15912 | Orc:2    | Bought a scroll of immolation for 56 gold pieces
 15912 | Orc:2    | Bought a scroll of identify for 32 gold pieces
 15978 | Orc:2    | Bought a book of the Tempests for 770 gold pieces
 16468 | D:12     | Killed a stone giant
 16539 | D:12     | Killed a storm dragon
 16618 | D:12     | Noticed a frost giant
 16630 | D:12     | Killed a frost giant
 16630 | D:12     | Reached skill level 10 in Spellcasting
 16643 | D:12     | Got a slimy lajatang
 16646 | D:12     | Identified the cursed +3 lajatang "Vemikk" {slice, rPois}
                  | (You found it on level 12 of the Dungeon)
 16788 | Lair:1   | Entered Level 1 of the Lair of Beasts
 18073 | Lair:2   | Reached skill level 11 in Spellcasting
 19226 | Lair:3   | Found a staircase to the Shoals.
 20816 | Lair:4   | Reached skill level 12 in Spellcasting
 20849 | Lair:4   | Found a staircase to the Snake Pit.
 20943 | Lair:4   | Reached XP level 15. HP: 110/110 MP: 31/31
 21717 | Lair:5   | Found a staircase to the Slime Pits.
 21718 | Lair:5   | Found a viscous altar of Jiyva.
 22524 | Lair:6   | Entered Level 6 of the Lair of Beasts
 22763 | Lair:6   | Reached skill level 13 in Spellcasting
 22932 | Lair:6   | Noticed a reaper
 23742 | Lair:6   | Found a runed translucent door.
 23886 | Lair:6   | Reached skill level 14 in Spellcasting
 24554 | D:11     | Identified a scroll of acquirement
 24559 | D:11     | Learned a level 3 spell: Regeneration
 24667 | D:13     | Found a frozen archway.
 24672 | D:13     | Reached skill level 1 in Charms
 24689 | IceCv    | Entered an ice cave
 24937 | IceCv    | Noticed a frost giant
 24938 | IceCv    | Noticed a reaper
 25007 | IceCv    | Killed a frost giant
 25431 | IceCv    | Was forgiven by Kikubaaqudgha
 25849 | D:13     | Killed from afar by an orc

Levels and vault maps discovered:
D:1:      psy_arrival_radial02, layout_basic, serial_forest,
          infiniplex_forest_end_3, infiniplex_forest_lined_2,
          infiniplex_forest_side_room, infiniplex_forest_clump_medium,
          infiniplex_forest_lined_4_way, infiniplex_forest_clump_double,
          infiniplex_forest_clump_diagonal, infiniplex_forest_lined_2,
          infiniplex_forest_lined_3, infiniplex_forest_straight_2,
          serial_park_tiny_pond
D:2:      layout_basic, lightli_temple_of_fire, overflow_temple_1_default,
          first_ration, mrwooster_statue_mirror, okawaru_metal_pillars_1_2,
          uniq_sigmund, uniq_terence
D:3:      layout_basic, lemuel_crystal_altar, lemuel_crystal_altar,
          lemuel_altar_in_water
D:4:      layout_rooms, serial_shops, shop_statue, enter_ossuary_1, uniq_ijyb
D:5:      layout_rooms, minmay_temple_entry_statues_pillars
D:6:      layout_loops_corners, slow_altar_1, dancing_weapons_uskayaw,
          serial_shops, nicolae_shop_behind_doors, uniq_duvessa
D:7:      layout_gridville, nicolae_overflow_crystal_walls, serial_glass,
          glass_columns_c, glass_columns_a
D:8:      layout_loops_ring, nicolae_ashenzari_panopticon
D:9:      layout_roguey
D:10:     layout_basic, grunt_pizzeria, feat_on_display, uniq_urug
D:11:     layout_loops_ring, lair_entry_dummy, gammafunk_ghost_hive,
          serial_shops, shop, uniq_fannar, uniq_sonja, uniq_psyche
D:12:     minmay_sliced_demisemicircle, layout_loops_corners, serial_shops,
          bzr_entry_gold, chequers_garden
D:13:     layout_small_grid, hangedman_vaults_entry_quadrant_bands,
          portal_ice_cave_demonic_guard
Temple:   oiseaux_autumnal_temple
Lair:1:   layout_cave_pods
Lair:2:   layout_small_grid
Lair:3:   layout_cave_pods, shoals_dummy_entry, serial_bayou_shore_a
Lair:4:   layout_regular_city, guppyfry_snake_entry_island
Lair:5:   layout_loops_ring, slime_altar_1
Lair:6:   wormcave, layout_cave_pods, patterned_corridor
Orc:1:    layout_diamond_mine, nicolae_volcano_entry_hallway,
          minmay_orc_temple_b
Orc:2:    st_orc_open, layout_diamond_mine

Skill      XL: |  1  2  3  4  5  6  7  8  9 10 11 12 13 14 15 |
---------------+----------------------------------------------+-----
Conjurations   | 1 2 3 4 5 6 |  6.2
Fire Magic     | 2 5 |  5.3
Air Magic      | 2 4 5 |  5.0
Shields        | 8 9 |  9.0
Dodging        | 2 6 |  6.9
Fighting       | 2 6 7 |  7.9
Armour         | 2 6 7 |  7.9
Necromancy     | 4 9 10 | 10.4
Spellcasting   | 6 8 9 12 14 | 14.1
Earth Magic    | 10 11 | 11.3
Charms         | 4 |  4.0
Stealth        | |  2.4
Summonings     | |  1.0
Translocations | |  0.8

Action                   |  1- 3 |  4- 6 |  7- 9 | 10-12 | 13-15 || total
-------------------------+-------+-------+-------+-------+-------++-------
Melee: Dagger            |    10 |       |       |       |       ||    10
       Whip              |    20 |    77 |   120 |       |       ||   217
       Spear             |       |       |   267 |   437 |     6 ||   710
       Trident           |       |       |       |   231 |  1004 ||  1235
       Staff             |       |       |       |       |     2 ||     2
       Glaive            |       |       |       |       |    30 ||    30
Throw: Boomerang         |       |       |    36 |       |       ||    36
 Cast: Magic Dart        |    72 |    83 |    52 |   138 |     1 ||   346
       Mephitic Cloud    |       |     4 |    35 |    63 |   114 ||   216
       Conjure Flame     |       |    10 |    44 |    82 |   148 ||   284
       Vampiric Draining |       |       |       |    15 |    48 ||    63
       Dispel Undead     |       |       |       |    12 |       ||    12
       Sublimation of Bl |       |       |       |     1 |     3 ||     4
       Borgnjor's Vile C |       |       |       |     6 |   108 ||   114
       Bolt of Draining  |       |       |       |       |    12 ||    12
       Regeneration      |       |       |       |       |     8 ||     8
Invok: Receive Necronomi |       |       |       |       |     1 ||     1
       Renounce Religion |       |       |       |       |     1 ||     1
 Abil: Dig               |       |    15 |    21 |    30 |    58 ||   124
Evoke: Wand              |       |       |       |     2 |     2 ||     4
  Use: Scroll            |       |     2 |     2 |    10 |    11 ||    25
       Potion            |       |       |     3 |     6 |     5 ||    14
 Stab: Confused          |       |     2 |    15 |    18 |    48 ||    83
       Sleeping          |       |       |     1 |     1 |       ||     2
       Distracted        |       |       |       |       |     2 ||     2
  Eat: Chunk             |     2 |     9 |    43 |    28 |    16 ||    98
       Ration            |       |       |       |       |    14 ||    14
Armor: Robe              |    11 |    12 |    15 |       |       ||    38
       Ring mail         |       |       |    88 |    19 |       ||   107
       Leather armour    |       |       |       |    40 |   120 ||   160
Dodge: Dodged            |    26 |    59 |   148 |   153 |   425 ||   811
       Deflected         |       |       |       |     6 |    11 ||    17
Block: Shield            |       |       |     4 |   195 |   401 ||   600
